 Dungeon Crawl Stone Soup version 0.20-a0-1006-ge6c5631 (console) character file.

10911 nht the Cleaver (level 11, 17/83 HPs)
             Began as a Hill Orc Fire Elementalist on Apr 13, 2017.
             Was a Follower of Ashenzari.
             Quit the game on level 10 of the Dungeon.
             The game lasted 00:30:00 (9619 turns).

nht the Cleaver (Hill Orc Fire Elementalist)        Turns: 9619, Time: 00:30:01

Health: 17/83      AC:  9    Str: 12    XL:     11   Next: 69%
Magic:  12/24      EV: 12    Int: 18    God:    Ashenzari [*.....]
Gold:   508        SH:  0    Dex: 11    Spells: 4/16 levels left

rFire    . . .     SeeInvis .   a - +4 war axe (curse)
rCold    . . .     Gourm    .   (no shield)
rNeg     . . .     Faith    .   m - +0 robe
rPois    .         Spirit   .   (no helmet)
rElec    .         Reflect  .   e - +0 cloak
rCorr    .         Harm     .   (no gloves)
MR       .....                  d - +1 pair of boots (curse)
Stlth    ++........             (no amulet)
Regen    0.3/turn               q - +4 ring of protection (curse)
MPRegen  0.2/turn               p - ring of magical power (curse)

@: lethally poisoned (17 -> -11)
A: no striking features
a: Curse Item, Scrying, Renounce Religion


You were on level 10 of the Dungeon.
You worshipped Ashenzari.
Ashenzari was aware of your devotion.
You were not hungry.

You visited 2 branches of the dungeon, and saw 11 of its levels.

You collected 508 gold pieces.

Inventory:

Hand Weapons
 a - a cursed +4 war axe (weapon)
 B - the +4 war axe "Jyunn" {venom, +Blink rF+ MR+}
   (You found it on level 8 of the Dungeon)

   It poisons the flesh of those it strikes.
   It protects you from fire.
   It affects your resistance to hostile enchantments.
   It lets you blink.
Armour
 d - a cursed +1 pair of boots (worn)
 e - a +0 cloak (worn)
 m - a +0 robe (worn)
Jewellery
 n - an uncursed ring of see invisible
 p - a cursed ring of magical power (right hand)
 q - a cursed +4 ring of protection (left hand)
Wands
 j - a wand of confusion (18/48)
 x - a wand of acid (0/15)
 y - a wand of acid (0/15)
 E - a wand of flame (25/48)
Scrolls
 h - a scroll of enchant armour
 i - 2 scrolls of enchant weapon
 s - a scroll of immolation
 t - a scroll of teleportation
Potions
 k - 2 potions of mutation
 l - 2 potions of flight
 o - 3 potions of curing
 r - 4 potions of heal wounds
 u - a potion of lignification
 w - 2 potions of might
 z - 3 potions of magic
 A - 3 potions of brilliance
 C - a potion of agility
Books
 b - a book of Flames

   Spells                             Type                      Level
   a - Flame Tongue                   Conjuration/Fire             1
   b - Throw Flame                    Conjuration/Fire             2
   c - Conjure Flame                  Conjuration/Fire             3
   d - Inner Flame                    Hexes/Fire                   3
   e - Sticky Flame                   Conjuration/Fire             4
   f - Fireball                       Conjuration/Fire             5
 G - a book of Changes

   Spells                             Type                      Level
   a - Beastly Appendage              Transmutation                1
   b - Sticks to Snakes               Transmutation                2
   c - Spider Form                    Transmutation/Poison         3
   d - Ice Form                       Ice/Transmutation            4
   e - Blade Hands                    Transmutation                5
Comestibles
 c - a bread ration
 f - 5 royal jellies
 g - 6 chunks of flesh
 v - 5 meat rations


   Skills:
 + Level 3.8 Fighting
 + Level 12.7 Axes
 + Level 3.6 Armour
 - Level 1.5 Dodging
 - Level 1.5 Stealth
 - Level 3.0 Spellcasting
 + Level 10.0 Conjurations
 + Level 11.0 Fire Magic


You had 4 spell levels left.
You knew the following spells:

 Your Spells              Type           Power        Failure   Level  Hunger
a - Flame Tongue          Conj/Fire      #####        1%          1    None
b - Throw Flame           Conj/Fire      #####.       1%          2    ##.....
c - Sticky Flame          Conj/Fire      #####...     2%          4    ####...
d - Fireball              Conj/Fire      #####.....   8%          5    ######.


Dungeon Overview and Level Annotations

Branches:
Dungeon (10/15)            Temple (1/1) D:7            Lair (0/6) D:8
    Orc (0/2) D:10

Altars:
Ashenzari
Cheibriados
Dithmenos
Elyvilon
Fedhas
Gozag
Hepliaklqana
Kikubaaqudgha
Makhleb
Nemelex Xobeh
Okawaru
Qazlal
Ru
Sif Muna
Trog
Uskayaw
Vehumet
Wu Jian
Xom
Yredelemnul
Zin
The Shining One

Shops:
D:10 [(


Message History

The killer bee misses you. The killer bee closely misses you. x2
The killer bee stings you.
* * * LOW HITPOINT WARNING * * *
The killer bee stings you.
* * * LOW HITPOINT WARNING * * *
A killer bee comes into view.
You feel much better.
You feel very sick.
The killer bee buzzes angrily.
The killer bee misses you. The killer bee stings you.
The killer bee stings you but does no damage.
The killer bee closely misses you. The killer bee completely misses you.
The killer bee stings you but does no damage.
The killer bee misses you. The killer bee stings you!
* * * LOW HITPOINT WARNING * * *
2 killer bees come into view.
Okay, then.
Okay, then.
Char dumped successfully.
Are you sure you want to abandon this character and quit the game? (Confirm with "yes".) y█ ████+█ y

█....█████y
██..........
'......[..█████
█........y....█
█.......yyy...█
█.......y@y...+
█+███..y∩.).██
█..██.....$.█
██†)†...>...█


+███ ███........█ ...█ ██████...∩...█ ...█ █...)........██.
...█████..)............. ...'..██..)...[......... You could see a queen bee and
9 killer bees.

Vanquished Creatures
  A hydra (D:8)
  A two-headed ogre (D:10)
  3 death yaks (D:8)
  Pikel (D:7)
  An ugly thing (D:10)
  A cyclops (D:8)
  Joseph (D:10)
  Psyche (D:9)
  A gargoyle (D:10)
  A wraith (D:10)
  A wyvern (D:10)
  Menkaure (D:5)
  Edmund (D:5)
  2 water moccasins (D:6)
  7 orc warriors
  2 slaves (D:7)
  3 sky beasts
  2 ice beasts
  2 black bears (D:7)
  A phantom (D:5)
  5 ogres
  6 centaurs
  2 big kobolds (D:9)
  3 bullfrogs
  A gnoll sergeant (D:6)
  A scorpion (D:7)
  11 killer bees
  12 wights
  3 howler monkeys (D:9)
  A centaur zombie (D:5)
  2 crimson imps (D:7)
  2 bullfrog zombies
  A quasit (D:5)
  3 hounds
  An orc priest (D:10)
  3 bullfrog skeletons
  3 centaur skeletons
  Terence (D:3)
  2 hell rats (D:8)
  11 worker ants
  A worker ant zombie (D:8)
  6 gnolls
  14 adders
  2 shadow imps
  2 worms
  3 dart slugs
  7 leopard geckos
  20 orcs
  2 ball pythons (D:2)
  9 giant cockroaches
  8 goblins
  4 hobgoblins
  8 jackals
  18 kobolds
  4 quokkas
  7 bats
  7 frilled lizards
  2 jackal zombies
  A quokka skeleton (D:5)
  6 rats
239 creatures vanquished.

Vanquished Creatures (others)
  An orc (D:8)
1 creature vanquished.

Grand Total: 240 creatures vanquished

Notes
Turn   | Place    | Note
-------+----------+-------------------------------------------
     0 | D:1      | nht the Hill Orc Fire Elementalist began the quest for the Orb.
     0 | D:1      | Reached XP level 1. HP: 14/14 MP: 3/3
   372 | D:1      | Reached XP level 2. HP: 20/20 MP: 1/4
   809 | D:1      | Reached XP level 3. HP: 26/26 MP: 5/5
   813 | D:1      | Learned a level 2 spell: Throw Flame
  1176 | D:2      | Reached XP level 4. HP: 25/33 MP: 6/6
  1209 | D:2      | Found a faded altar of an unknown god.
  1286 | D:3      | Noticed Terence
  1304 | D:3      | Killed Terence
  1417 | D:3      | Noticed a centaur
  1427 | D:3      | Killed a centaur
  1427 | D:3      | Reached skill level 5 in Fire Magic
  1427 | D:3      | Reached XP level 5. HP: 35/38 MP: 7/7
  1475 | D:3      | Found a blossoming altar of Fedhas.
  1823 | D:3      | Learned a level 4 spell: Sticky Flame
  2079 | D:4      | Reached XP level 6. HP: 45/45 MP: 8/8
  2372 | D:5      | Entered Level 5 of the Dungeon
  2536 | D:5      | Reached skill level 5 in Conjurations
  2545 | D:5      | Reached XP level 7. HP: 18/50 MP: 0/9
  3058 | D:5      | Noticed Edmund
  3070 | D:5      | Killed Edmund
  3191 | D:5      | Noticed Menkaure
  3194 | D:5      | Killed Menkaure
  3194 | D:5      | Reached XP level 8. HP: 30/57 MP: 10/10
  3959 | D:6      | Found a snail-covered altar of Cheibriados.
  4215 | D:6      | Learned a level 5 spell: Fireball
  4244 | D:6      | Found a sacrificial altar of Ru.
  4244 | D:6      | Found a glowing silver altar of Zin.
  4321 | D:6      | Reached XP level 9. HP: 29/62 MP: 7/13
  5421 | D:7      | Reached skill level 10 in Fire Magic
  5617 | D:7      | Found a basalt altar of Yredelemnul.
  5675 | D:7      | Found a staircase to the Ecumenical Temple.
  5684 | Temple   | Entered the Ecumenical Temple
  5784 | Temple   | Became a worshipper of Ashenzari the Shackled
  5944 | D:8      | Noticed a six-headed hydra
  5962 | D:8      | Reached skill level 1 in Axes
  5974 | D:8      | Noticed Pikel
  5976 | D:8      | Noticed a death yak
  5978 | D:8      | Noticed a death yak
  5980 | D:8      | Reached skill level 2 in Axes
  5981 | D:8      | Noticed a death yak
  6399 | D:7      | Killed Pikel
  6399 | D:7      | Reached skill level 5 in Axes
  6399 | D:7      | Reached XP level 10. HP: 69/69 MP: 14/14
  6623 | D:8      | Killed a death yak
  6623 | D:8      | Reached skill level 7 in Axes
  6648 | D:8      | Killed a death yak
  6648 | D:8      | Reached skill level 9 in Axes
  6791 | D:8      | Killed a death yak
  6791 | D:8      | Reached skill level 10 in Axes
  6893 | D:8      | Killed a six-headed hydra
  6893 | D:8      | Reached skill level 11 in Axes
  6958 | D:8      | Noticed a cyclops
  7279 | D:8      | Killed a cyclops
  7285 | D:8      | Found a staircase to the Lair.
  7411 | D:8      | Reached skill level 12 in Axes
  7411 | D:8      | Reached XP level 11. HP: 74/74 MP: 15/15
  7467 | D:8      | Identified the +4 war axe "Jyunn" {venom, +Blink rF+ MR+}
  7499 | D:8      | Found an iron altar of Okawaru.
  7759 | D:8      | Reached * piety under Ashenzari
  8008 | D:9      | Noticed Psyche
  8015 | D:9      | Killed Psyche
  8015 | D:9      | Reached skill level 1 in Fighting
  8015 | D:9      | Reached skill level 1 in Armour
  8776 | D:10     | Entered Level 10 of the Dungeon
  8780 | D:10     | Noticed a two-headed ogre
  8793 | D:10     | Killed a two-headed ogre
  8993 | D:10     | Noticed a brown ugly thing
  9007 | D:10     | Killed a brown ugly thing
  9063 | D:10     | Noticed Joseph
  9084 | D:10     | Killed Joseph
  9261 | D:10     | Found Zefiep's Weapon Shop.
  9261 | D:10     | Found a staircase to the Orcish Mines.
  9263 | D:10     | Found Gayrr's Armour Shop.
  9484 | D:10     | Reached skill level 10 in Conjurations
  9617 | D:10     | HP: 2/83 [killer bee (3)]
  9619 | D:10     | Quit the game

Vault maps used:
D:1:      roderic_chinese_lattice_arrival
D:2:      chequers_ecumenical_altar_island
D:3:      marbit_many_paths, uniq_terence
D:4:      serial_bayou_lake_a
D:5:      wad_river_or_something, first_bread, uniq_menkaure, uniq_edmund
D:6:      cheibrodos_worm_habitat, gammafunk_temple_overflow_elements
D:7:      nicolae_overflow_hidden_temple, temple_statues
D:8:      kennysheep_mini_moat, dpeg_lair_monsters, uniq_pikel
D:9:      uniq_psyche
D:10:     orc_david_3, special_room, uniq_fannar, uniq_joseph
Temple:   lightli_temple_of_artemis

Skill      XL: |  1  2  3  4  5  6  7  8  9 10 11 |
---------------+----------------------------------+-----
Conjurations   | 2 4 5 6 7 9 10 | 10.0
Fire Magic     | 4 5 6 7 8 10 11 | 11.0
Spellcasting   | 3 |  3.0
Axes           | 5 12 | 12.7
Fighting       | 3 |  3.8
Armour         | 3 |  3.6
Dodging        | |  1.5
Stealth        | |  1.5

Action                   |  1- 3 |  4- 6 |  7- 9 | 10-12 || total
-------------------------+-------+-------+-------+-------++-------
Melee: Mace              |     4 |     1 |    22 |       ||    27
       Hand axe          |       |       |     1 |       ||     1
       War axe           |       |       |    45 |   122 ||   167
 Cast: Flame Tongue      |    67 |   100 |   183 |     5 ||   355
       Sticky Flame      |       |     2 |    19 |    28 ||    49
       Throw Flame       |       |       |    28 |   117 ||   145
Invok: Curse Item        |       |       |     3 |       ||     3
Evoke: Wand              |       |       |    11 |    12 ||    23
  Use: Scroll            |       |    15 |     4 |     4 ||    23
       Potion            |       |       |       |     4 ||     4
 Stab: Confused          |       |       |     1 |       ||     1
       Sleeping          |       |       |     1 |       ||     1
  Eat: Chunk             |     2 |     8 |    19 |    15 ||    44
       Fruit             |       |       |     1 |     3 ||     4
       Bread ration      |       |       |       |     1 ||     1
Armor: Robe              |     9 |    15 |    93 |    75 ||   192
       Skin              |       |       |       |    41 ||    41
Dodge: Dodged            |    17 |    38 |   147 |   141 ||   343
